 Dungeon Crawl Stone Soup version 0.18-a0-1160-geb89fc2 (webtiles) character file.

3061 st0uf the Changer (level 9, -19/74 HPs)
             Began as a Purple Draconian Transmuter on Jan 24, 2016.
             Was a Priest of Dithmenos.
             Demolished by an orc warrior
             ... wielding a +0 halberd
              (23 damage)
             ... on level 8 of the Dungeon.
             The game lasted 00:38:18 (7339 turns).

st0uf the Changer (Purple Draconian Transmuter)     Turns: 7339, Time: 00:38:18

Health: -19/74     AC:  2    Str: 13    XL:     9   Next: 57%
Magic:  10/12      EV: 26    Int: 14    God:    Dithmenos [***...]
Gold:   124        SH:  0    Dex: 19    Spells: 4 memorised, 1 level left

rFire  x . .     SeeInvis .       - Unarmed
rCold  + + .     Gourm    .     (armour unavailable)
rNeg   . . .     Faith    .     (shield currently unavailable)
rPois  x         Spirit   .     (helmet currently unavailable)
rElec  .         Dismiss  .     (cloak currently unavailable)
rCorr  .         Reflect  .     (gloves currently unavailable)
SustAt .         Harm     .     (boots currently unavailable)
MR     +....                    (no amulet)
Stlth  ++++......               t - ring of protection from cold
                                i - ring of ice

@: spider-form, wreathed by umbra, somewhat resistant to hostile enchantments,
stealthy
A: (breathe power), unfitting armour, (cold-blooded), AC +7
a: End Transformation, Shadow Step, Renounce Religion


You were on level 8 of the Dungeon.
You worshipped Dithmenos.
Dithmenos was most pleased with you.
You were hungry.
You were a venomous arachnid creature.
You visited 1 branch of the dungeon, and saw 8 of its levels.

You collected 348 gold pieces.
You spent 224 gold pieces at shops.

Inventory:

Hand Weapons
 F - the +5 mace of Flawed Execution {elec, rF++ Str+2}
   (You bought it in a shop on level 6 of the Dungeon)

   Occasionally, upon striking a foe, it will discharge some electrical energy
   and cause terrible harm.
   It affects your strength (+2).
   It greatly protects you from fire.
Missiles
 a - 60 arrows
 k - 4 curare-tipped needles
 G - 10 arrows of dispersal
Armour
 n - a +0 pair of gloves (melded)
Magical Staves
 J - an uncursed staff of poison
Jewellery
 i - a ring of ice (left front leg)
 j - an uncursed ring of positive energy
 l - an uncursed ring of resist corrosion
 t - a ring of protection from cold (right front leg)
 C - an uncursed ring of sustain attributes
 D - an uncursed ring of wizardry
 E - a +5 ring of evasion
Scrolls
 e - a scroll of enchant armour {unknown}
 g - 2 scrolls of enchant weapon
 h - 4 scrolls of identify
 m - 4 scrolls of amnesia
 p - a scroll of noise {unknown}
 r - a scroll of random uselessness {unknown}
 s - 4 scrolls of remove curse
 u - 2 scrolls of fear {unknown}
 w - 2 scrolls of recharging
 x - 4 scrolls of teleportation
 y - a scroll of fog {unknown}
 M - 2 scrolls of immolation {unknown}
 N - a scroll of magic mapping {unknown}
Potions
 f - a potion of poison
 v - 2 potions of magic {unknown}
 z - 2 potions of curing {unknown}
 A - 2 potions of might {unknown}
 B - a potion of ambrosia {unknown}
 H - a potion of lignification {unknown}
 I - 2 potions of agility {unknown}
 O - a potion of cancellation {unknown}
 P - a potion of haste {unknown}
Books
 b - a book of Changes

   Spells                             Type                      Level
   a - Beastly Appendage              Transmutation                1
   b - Sticks to Snakes               Transmutation                2
   c - Spider Form                    Transmutation/Poison         3
   d - Ice Form                       Ice/Transmutation            4
   e - Blade Hands                    Transmutation                5
Comestibles
 c - 3 bread rations
 d - 3 meat rations
 o - a beef jerky
 q - 5 fruits
 K - a chunk of flesh
 L - 2 slices of pizza


   Skills:
 + Level 5.6 Fighting
 + Level 6.8 Dodging
 + Level 2.6 Stealth
 + Level 6.8 Unarmed Combat
 - Level 2.4 Spellcasting
 * Level 6.8 Transmutations
 + Level 3.0 Poison Magic
 + Level 0.2 Invocations


You had one spell level left.
You knew the following spells:

 Your Spells              Type           Power        Failure   Level  Hunger
a - Beastly Appendage     Trmt           ###...       6%          1    #......
b - Sticks to Snakes      Trmt           ###.....     10%         2    ###....
c - Spider Form           Trmt/Pois      ###.......   24%         3    ###....
d - Blade Hands           Trmt           ###.......   67%         5    ######.


Dungeon Overview and Level Annotations

Branches:
Dungeon (8/15)             Temple (0/1) D:7
   Lair: D:8-11

Altars:
Dithmenos
Elyvilon
Gozag
Makhleb
Nemelex Xobeh
Okawaru
Pakellas
Qazlal
Vehumet
Xom
Yredelemnul
The Shining One

Shops:
D:4 %   D:6 *(


Innate Abilities, Weirdness & Mutations

((You can breathe bolts of dispelling energy.))
((Your rich purple scales are hard (AC +7).))
Your body does not fit into most forms of armour.
((You are cold-blooded and may be slowed by cold attacks.))


Message History

You hit the orc.
You kill the orc!
Dithmenos accepts your kill. The orc warrior misses you.
You bite the orc!
You kill the orc!
Dithmenos accepts your kill.
The orc warrior hits you with a halberd!!
Things that are here:
a dagger; a flail; an orc corpse You bite the orc warrior!
The orc warrior is poisoned.
The orc warrior is moderately wounded.
The orc warrior hits you with a halberd!!
* * * LOW HITPOINT WARNING * * *
You hit the orc warrior but do no damage.
The orc warrior looks even sicker.
The orc warrior is moderately wounded.
The orc warrior completely misses you.
The orc warrior hits you from afar with a halberd!!
You die...

#.. .. #.##
..? #.#
##.## #...#
#...# #.s.#
#)#.#
#...o...#
#.......###
###.##### #


You could see an orc warrior.

Vanquished Creatures
  Pikel (D:5)
  Eustachio (D:5)
  2 orc warriors (D:5)
  2 ice beasts
  2 sky beasts
  A phantom (D:5)
  4 slaves (D:5)
  An ogre (D:7)
  3 giant frogs (D:6)
  A scorpion (D:4)
  5 wights (D:3)
  4 crimson imps
  A quasit (D:5)
  5 hounds
  5 orc priests
  A jelly (D:6)
  6 orc wizards
  2 giant frog skeletons (D:7)
  Natasha (D:2)
  An iguana (D:4)
  7 worker ants
  A hound skeleton (D:4)
  A worker ant zombie (D:5)
  9 adders
  14 gnolls
  A shadow imp (D:5)
  An ooze (D:3)
  3 worms
  A giant gecko (D:2)
  26 orcs
  5 giant cockroaches
  11 goblins
  9 hobgoblins
  9 jackals
  7 kobolds
  2 quokkas (D:3)
  A ball python (D:3)
  6 bats
  2 giant gecko skeletons
  A giant gecko zombie (D:5)
  8 giant newts
  A jackal skeleton (D:6)
  9 rats
184 creatures vanquished.

Vanquished Creatures (others)
  A quokka (D:3)
1 creature vanquished.

Grand Total: 185 creatures vanquished

Notes
Turn   | Place    | Note
--------------------------------------------------------------
     0 | D:1      | st0uf the Draconian Transmuter began the quest for the Orb.
     0 | D:1      | Reached XP level 1. HP: 16/16 MP: 3/3
    89 | D:1      | Reached XP level 2. HP: 14/23 MP: 1/5
   674 | D:1      | Reached XP level 3. HP: 28/28 MP: 4/6
   930 | D:2      | Found a sparkling altar of Nemelex Xobeh.
  1184 | D:1      | Reached XP level 4. HP: 19/36 MP: 5/7
  1322 | D:1      | Learned a level 2 spell: Sticks to Snakes
  1326 | D:1      | Learned a level 3 spell: Spider Form
  1655 | D:2      | Found a faded altar to an unknown god.
  1685 | D:2      | Became a worshipper of Dithmenos the Shadowed
  1685 | D:2      | Reached * piety under Dithmenos
  1730 | D:2      | Found an opulent altar of Gozag.
  1862 | D:2      | Noticed Natasha
  1869 | D:2      | Killed Natasha
  1869 | D:2      | Reached skill level 4 in Unarmed Combat
  1888 | D:2      | Reached XP level 5. HP: 22/41 MP: 8/8
  2168 | D:2      | Found a burning altar of Makhleb.
  2269 | D:3      | Found a white marble altar of Elyvilon.
  2413 | D:3      | Found an iron altar of Okawaru.
  2975 | D:3      | Reached skill level 1 in Poison Magic
  2975 | D:3      | Reached XP level 6. HP: 30/50 MP: 5/9
  3248 | D:3      | Found an oddly glowing altar of Pakellas.
  3288 | D:3      | Reached ** piety under Dithmenos
  3327 | D:3      | Found a radiant altar of Vehumet.
  4036 | D:4      | Reached XP level 7. HP: 46/57 MP: 8/10
  4036 | D:4      | Your scales start taking on a rich purple colour.
  4071 | D:4      | Found Nevesing's Food Shoppe.
  4320 | D:4      | Reached skill level 5 in Unarmed Combat
  4440 | D:5      | Entered Level 5 of the Dungeon
  4830 | D:5      | Noticed Pikel
  5015 | D:5      | Killed Pikel
  5015 | D:5      | Reached skill level 5 in Dodging
  5015 | D:5      | Reached skill level 1 in Stealth
  5015 | D:5      | Reached skill level 5 in Transmutations
  5015 | D:5      | Reached XP level 8. HP: 65/67 MP: 8/11
  5392 | D:5      | Noticed Eustachio
  5402 | D:5      | Killed Eustachio
  5402 | D:5      | Reached skill level 6 in Unarmed Combat
  5637 | D:5      | Reached skill level 5 in Fighting
  5775 | D:6      | Reached *** piety under Dithmenos
  5778 | D:6      | Found Rutipueg's Antique Weapon Shop.
  5794 | D:6      | Learned a level 5 spell: Blade Hands
  5801 | D:6      | Bought a steaming mace for 224 gold pieces
  5801 | D:6      | Identified the +5 mace of Flawed Execution {elec, rF++ Str+2} (You bought it in a shop on level 6 of the Dungeon)
  5814 | D:6      | Found Peps's General Store.
  5849 | D:6      | Reached XP level 9. HP: 72/74 MP: 10/12
  5947 | D:6      | Found a basalt altar of Yredelemnul.
  6054 | D:6      | Found a glowing golden altar of the Shining One.
  6054 | D:6      | Found a shimmering altar of Xom.
  6530 | D:7      | Found a shimmering altar of Xom.
  6860 | D:7      | Found a stormy altar of Qazlal.
  7225 | D:7      | Found a staircase to the Ecumenical Temple.
  7339 | D:8      | Demolished by an orc warrior

Vault maps used:
D:1:      lightli_arrival_boilingwater
D:2:      grunt_temple_overflow_opulence, makhleb_heckhound_becter,
          ecumenical_altar_1, kennysheep_generic_room_6, uniq_natasha
D:3:      okawaru_ov_weapons_minmay, elyvilon_altar_4, lemuel_round_altar,
          lemuel_round_altar
D:4:      serial_shops, shop
D:5:      first_bread, uniq_pikel, uniq_eustachio
D:6:      kennysheep_little_box, gammafunk_temple_overflow_wave, serial_shops,
          nicolae_shop_stone, nicolae_shop_crystal, zaba_anthole
D:7:      lemuel_ice_spiral_2, nicolae_qazlal_general_emergency,
          minmay_temple_entry_from_below_b, basic_altar,
          hangedman_abyss_or_decor_lesser_grid
D:8:      lemuel_doored_altar

Action                   |  1- 3 |  4- 6 |  7- 9 || total
-------------------------+-------+-------+-------++-------
Melee: Unarmed           |   114 |   259 |   407 ||   780
       Mace              |       |       |     1 ||     1
       Staff             |       |       |    27 ||    27
 Cast: Beastly Appendage |    23 |    23 |     8 ||    54
       Spider Form       |       |     8 |    35 ||    43
       Blade Hands       |       |       |     1 ||     1
Invok: Shadow Step       |       |       |     1 ||     1
 Abil: Breathe Dispellin |       |       |     1 ||     1
  Use: Scroll            |       |       |     6 ||     6
 Stab: Sleeping          |       |     3 |     4 ||     7
       Distracted        |       |       |     1 ||     1
  Eat: Chunk             |     1 |    12 |    16 ||    29
